 Dungeon Crawl Stone Soup version 0.32-a0-918-g0f22ef8 (webtiles) character file.

Game seed: 3997701612330529563

104 Dorkslayer the Covered (level 4, -4/40 HPs)
             Began as a Mountain Dwarf Fighter on Apr 10, 2024.
             Slain by a kobold brigand
             ... wielding a +0 dagger
              (7 damage)
             ... in a sewer.
             The game lasted 00:04:23 (2339 turns).

Dorkslayer the Covered (Mountain Dwarf Fighter)     Turns: 2339, Time: 00:04:23

Health: -4/40      AC:  7    Str: 21    XL:     4   Next: 52%
Magic:  4/4        EV:  8    Int:  8    God:
Gold:   135        SH:  4    Dex:  9    Spells: 3/3 levels left

rFire   . . .        a - +0 war axe
rCold   . . .        c - +0 buckler
rNeg    . . .        b - +0 scale mail
rPois   .            (no helmet)
rElec   .            (no cloak)
rCorr   .            (no gloves)
SInv    .            (no boots)
Will    .....        (no amulet) Stlth
                     (no ring)
HPRegen 0.26/turn    (no ring)
MPRegen 0.09/turn

%: no passive effects
@: no status effects
A: runic magic, artefact enchanting
a: no special abilities


You were in a sewer.
You visited 1 branch of the dungeon, and saw 3 of its levels.
You also visited: Sewer.

You collected 135 gold pieces.

Inventory:

Hand Weapons
 a - a +0 war axe (weapon)
Armour
 b - a +0 scale mail (worn)
 c - a +0 buckler (worn)
Scrolls
 f - 2 scrolls of teleportation
 g - a scroll of immolation
 h - a scroll of enchant weapon {unknown}
 n - a scroll of identify
Potions
 d - 2 potions of might
 e - a potion of lignification {unknown}
 i - a potion of curing {unknown}
 j - a potion of enlightenment {unknown}
 k - a potion of resistance
 l - 2 potions of heal wounds {unknown}
 m - a potion of attraction {unknown}


   Skills:
 + Level 3.7 Fighting
 + Level 3.5 Axes
 + Level 4.0 Armour
 * Level 1.2 Dodging
 + Level 0.6 Stealth
 + Level 3.5 Shields


You had 3 spell levels left.
You didn't know any spells.
Your spell library contained the following spells:

 Spells                   Type           Power      Damage    Failure   Level
 Necrotise                Necr           0%         1d4       56%         1
 Frozen Ramparts          Ice            0%         1d1       90%         3
 Ozocubu's Armour         Ice            0%         N/A       90%         3
 Vampiric Draining        Necr           0%         2d6       90%         3
 Martyr's Knell           Necr/Summ      0%         N/A       100%        4
 Curse of Agony           Necr           0%         N/A       100%        5
 Metabolic Englaciation   Hex/Ice        0%         N/A       100%        5


Dungeon Overview and Level Annotations

Branches:
Dungeon (3/15)              Sewer (1/1)

Altars:

Annotations:
D:3 3 runed translucent doors, Loakagen's ghost, amateur MiFi; diche's ghost, amateur BaHs


Innate Abilities, Weirdness & Mutations

Your spellcasting is much less encumbered by armour.
You can use scrolls of enchantment on lesser artefacts.


Message History

You feel sick.
You are no longer poisoned.
The kobold brigand hits you but does no damage.
You closely miss the kobold brigand.
The kobold brigand is heavily wounded.
The kobold brigand closely misses you.
The kobold brigand hits you but does no damage.
You closely miss the kobold brigand.
The kobold brigand is heavily wounded.
The kobold brigand hits you with a +0 dagger.
You closely miss the kobold brigand.
The kobold brigand is heavily wounded.
You block the kobold brigand's attack.
You hit the kobold brigand but do no damage.
The kobold brigand is heavily wounded.
The kobold brigand hits you but does no damage.
The kobold brigand completely misses you.
You closely miss the kobold brigand.
The kobold brigand is heavily wounded.
The kobold brigand closely misses you.
You miss the kobold brigand.
The kobold brigand is moderately wounded.
The kobold brigand hits you with a +0 dagger.
You barely miss the kobold brigand.
The kobold brigand is moderately wounded.
The kobold brigand hits you but does no damage.
The kobold brigand barely misses you.
You barely miss the kobold brigand.
The kobold brigand is moderately wounded.
The kobold brigand hits you with a +0 dagger.
* * * LOW HITPOINT WARNING * * *
You barely miss the kobold brigand.
The kobold brigand is moderately wounded.
The kobold brigand hits you but does no damage.
You barely miss the kobold brigand.
The kobold brigand is moderately wounded.
The kobold brigand hits you with a +0 dagger.
* * * LOW HITPOINT WARNING * * *
The kobold brigand hits you with a +0 dagger!
You die...

#####
##~..#
~!..# .K.
#K# #@# #.#
#.# ##.##
##~..##
.####~....#
.~~~~~~..~#
.####...~.#
##.~.##


You could see a kobold brigand and a kobold.

Vanquished Creatures
  3 adders
  A ribbon worm (D:2)
  An orc (D:3)
  4 ball pythons
  2 bats
  13 endoplasms
  4 giant cockroaches
  8 goblins
  4 hobgoblins
  6 jackals
  5 quokkas
  3 frilled lizards
  2 kobolds
  6 rats
62 creatures vanquished.

Notes
Turn   | Place    | Note
-------+----------+-------------------------------------------
     0 | D:1      | Dorkslayer the Mountain Dwarf Fighter began the quest for
                  | the Orb.
     0 | D:1      | Reached XP level 1. HP: 19/19 MP: 1/1
   160 | D:1      | Reached XP level 2. HP: 21/26 MP: 2/2
   243 | D:1      | Found a faded altar of an unknown god.
  1029 | D:2      | Reached XP level 3. HP: 27/31 MP: 3/3
  1108 | D:2      | Reached skill level 1 in Dodging
  1757 | D:3      | Reached XP level 4. HP: 35/40 MP: 4/4
  2019 | D:3      | Found a runed translucent gate.
  2020 | D:3      | Found a runed translucent gate.
  2020 | D:3      | Found a runed translucent gate.
  2020 | D:3      | Noticed diche's ghost (amateur BaHs)
  2020 | D:3      | Noticed Loakagen's ghost (amateur MiFi)
  2222 | D:3      | Found a glowing drain.
  2230 | D:3      | Reached skill level 4 in Armour
  2243 | Sewer    | Entered a sewer
  2319 | Sewer    | Noticed a kobold brigand
  2339 | Sewer    | Slain by a kobold brigand

Illustrated notes

Levels and vault maps discovered:
D:1:      mrwooster_arrival_statue_3, layout_basic,
          hellmonk_ecumenical_altar_pennies_from_heaven,
          hangedman_decor_clover_reticule
D:2:      layout_basic, hangedman_glass_teeth, serial_park_tiny_pond
D:3:      layout_basic, minitemple, portal_sewer_entry_f,
          gammafunk_ghost_cemetery, grunt_decor_clamped, serial_park_tiny_pond
Sewer:    sewer_co_15_rooms

Skill      XL: |  1  2  3  4 |
---------------+-------------+-----
Dodging        | 1 |  1.2
Axes           | 3 |  3.5
Armour         | 4 |  4.0
Fighting       | |  3.7
Stealth        | |  0.6
Shields        | |  3.5

Action                     |  1- 3 |  4- 6 || total
---------------------------+-------+-------++-------
  Melee: War axe           |   114 |    69 ||   183
    Use: Scroll            |     6 |       ||     6
 Armour: Scale mail        |    96 |    59 ||   155
  Dodge: Dodged            |    61 |    36 ||    97
  Block: Buckler           |    18 |    10 ||    28

Table legend: (Time is in decaauts)
 A = Elapsed time spent in this place.
 B = Non-inter-level travel time spent in this place.
 C = Inter-level travel time spent in this place.
 D = Time resting spent in this place.
 E = Time spent auto-exploring this place.
 F = Levels seen in this place.
 G = Mean time per level.
                   A        B        C        D        E       F      G
               +--------+--------+--------+--------+--------+-----+--------+
         Total |   2418 |   2418 |      0 |      0 |   1249 |   4 |  604.5 |
       Dungeon |   2304 |   2304 |      0 |      0 |   1209 |   3 |  768.0 |
         Sewer |    113 |    113 |      0 |      0 |     40 |   1 |  113.0 |
               +--------+--------+--------+--------+--------+-----+--------+

Top non-repeatable levels by time:
     D:2: 1171 daAuts
     D:1: 595 daAuts
     D:3: 538 daAuts
   Sewer: 113 daAuts
